 Seeded DCSS version 0.29-a0-350-g7790a0e70a (webtiles) character file.

Game seed: 7774103814747607012 (custom seed)

10108 zeratav the Whirler (level 11, 0/60 HPs)
             Began as a Spriggan Hunter on Apr 22, 2022.
             Was an Initiate of Gozag.
             Slain by Sonja
             ... wielding a +2 short sword of venom
              (10 damage)
             ... on level 1 of the Lair of Beasts.
             The game lasted 00:47:00 (13279 turns).

zeratav the Whirler (Spriggan Hunter)              Turns: 13279, Time: 00:47:01

Health: 0/60       AC:  2    Str:  7    XL:     11   Next: 31%
Magic:  12/12      EV: 22    Int: 17    God:    Gozag
Gold:   105        SH:  0    Dex: 29    Spells: 10/10 levels left

rFire   + . .      SeeInvis +   B - +5 fustibalus (flame) {sling}
rCold   . . .      Faith    .   (shield currently unavailable)
rNeg    . . .      Spirit   .   u - +0 robe {rF+}
rPois   .          Reflect  .   (helmet restricted)
rElec   .          Harm     .   (no cloak)
rCorr   .          Rampage  .   (gloves unavailable)
Will    +....                   (boots unavailable)
Stlth   ++........              (no amulet)
HPRegen 0.20/turn               o - +6 ring of intelligence
MPRegen 0.13/turn               p - +6 ring of dexterity

@: slowed, quick
A: very small, no large weapons, unfitting armour, see invisible, speed 3
a: Renounce Religion, Potion Petition, Call Merchant, Bribe Branch


You were on level 1 of the Lair of Beasts.
You worshipped Gozag.
Gozag was aware of your devotion.
You visited 3 branches of the dungeon, and saw 13 of its levels.

You collected 831 gold pieces.
You spent 429 gold pieces at shops.
You paid 297 gold pieces to Gozag.


Innate Abilities, Weirdness & Mutations

You are very small and have problems with some larger weapons.
You are too small for most types of armour.
You have supernaturally acute eyesight. (SInv)
You cover ground extremely quickly. (Speed+++)


   Skills:
 - Level 8.0(4.0) Fighting
 - Level 16.8(12.8) Slings
 + Level 8.9(4.9) Dodging
 - Level 1.5(0.7) Stealth


You had 10 spell levels left.
You didn't know any spells.
Your spell library contained the following spells:

 Spells                   Type           Power      Damage    Failure   Level
 Shock                    Conj/Air       0%         1d3       24%         1
 Blink                    Tloc           0%         N/A       34%         2
 Static Discharge         Conj/Air       0%         N/A       34%         2
 Confusing Touch          Hex            0%         N/A       56%         3
 Lesser Beckoning         Tloc           0%         N/A       56%         3
 Swiftness                Air            0%         N/A       56%         3
 Airstrike                Air            0%         N/A       93%         4
 Olgreb's Toxic Radiance  Pois           0%         N/A       93%         4
 Petrify                  Tmut/Erth      0%         N/A       93%         4
 Lightning Bolt           Conj/Air       0%         1d11      100%        5
 Manifold Assault         Tloc           0%         N/A       100%        5
 Metabolic Englaciation   Hex/Ice        0%         N/A       100%        5
 Yara's Violent Unravell  Hex/Tmut       0%         3d3       100%        5
 Statue Form              Tmut/Erth      0%         N/A       100%        6
 Enfeeble                 Hex            0%         N/A       100%        7
 Ozocubu's Refrigeration  Ice            0%         4d5       100%        7
 Ignition                 Fire           0%         3d3       100%        8
 Maxwell's Capacitive Co  Air            0%         ∞         100%        8

Inventory:

Hand Weapons
 l - the +6 war axe of Wyrd {flame, Dex+4, axe}
   (You found it on level 1 of the Lair of Beasts)

   It burns those it strikes, dealing additional fire damage.
   Big, fiery blades are also staple armaments of hydra-hunters.
   Dex:       It affects your dexterity (+4).
 B - a +5 fustibalus of flaming (weapon) {sling}
   (You bought it in a shop on level 2 of the Dungeon)
Missiles
 I - 21 poisoned darts {throwing}
Armour
 b - a +0 robe
   (You took it off an orc wizard on level 10 of the Dungeon)
 g - +0 steam dragon scales
   (You found it on level 8 of the Dungeon)
 m - a +0 robe
   (You took it off an orc wizard on level 10 of the Dungeon)
 u - a +0 robe of fire resistance (worn)
   (You took it off an orc wizard on level 5 of the Dungeon)
 w - a +0 robe
   (You found it on level 10 of the Dungeon)
 D - a +0 robe
   (You took it off an orc wizard on level 10 of the Dungeon)
 M - a +0 robe
   (You took it off an orc wizard on level 10 of the Dungeon)
 Q - a +0 robe
   (You took it off an orc wizard on level 10 of the Dungeon)
Jewellery
 o - a +6 ring of intelligence (left hand)
   (You found it on level 3 of the Dungeon)
 p - a +6 ring of dexterity (right hand)
   (You found it on level 3 of the Dungeon)
 q - a ring of wizardry
   (You found it on level 1 of the Lair of Beasts)
 G - a ring of poison resistance
   (You found it on level 9 of the Dungeon)
 N - a ring of ice
   (You found it on level 7 of the Dungeon)
Wands
 j - a wand of polymorph (12)
   (You found it on level 2 of the Dungeon)
 r - a wand of acid (12)
   (You took it off an orc on level 3 of the Dungeon)
 y - a wand of digging (5)
   (You found it on level 4 of the Dungeon)
 R - a wand of mindburst (6)
   (You found it on level 10 of the Dungeon)
Scrolls
 a - a scroll of summoning
 c - 3 scrolls of immolation {!r!r}
 d - 4 scrolls of fog
 e - 2 scrolls of magic mapping {!r}
 f - 8 scrolls of teleportation {@r4}
 h - a scroll of brand weapon
 i - 6 scrolls of enchant armour
 s - 3 scrolls of blinking {!r}
 v - 2 scrolls of silence {!r}
 A - a scroll of vulnerability {!r!r}
 F - a scroll of amnesia
 H - a scroll of holy word
 P - a scroll of fear
Potions
 k - a potion of might
 n - 3 potions of lignification {!q}
 t - 3 potions of cancellation
 x - a potion of haste {@q3}
 z - 2 potions of heal wounds {@q2}
 C - 2 potions of ambrosia
 E - 4 potions of flight
 J - 2 potions of curing {@q1}
 K - 2 potions of attraction {!q}
 L - a potion of berserk rage {!q}
 O - a potion of mutation {!q}

Dungeon Overview and Level Annotations

Branches:
Dungeon (10/15)            Temple (1/1) D:5            Lair (2/6) D:10
  Swamp: Lair:2-4    Shoals: Lair:2-4     Snake: Lair:2-4    Spider: Lair:2-4
    Orc: D:9-12

Altars:
Ashenzari
Cheibriados
Dithmenos
Elyvilon
Fedhas
Gozag
Hepliaklqana
Kikubaaqudgha
Makhleb
Nemelex Xobeh
Okawaru
Qazlal
Ru
Sif Muna
Trog
Uskayaw
Vehumet
Wu Jian
Xom
Yredelemnul
Zin
The Shining One

Shops:
D:2 (   D:5 (   D:7 :

Annotations:
D:5 Grum
D:8 2 transporters, Antichthon's ghost, novice NaWr
Lair:1 exclusion: 2 oklob plants, Sonja

............>....................
.................................
.................................
#.###............................
P.P###...................####.#..
....##....###.##'###...........#.
....##....# ####.###...P.......#.
....#.....#####.K##....#.......#.
....##....P##...@###...........#.
....##.....##....# #.............
....##....###....###...........#.
.#.P##....# ####.##P...#.......#.
.#.###....# #.###...#.........
..........######..#....#.....^.#.
.........................######..
.................................
.................................


You could see Sonja.


Message History

HP[-1]
You take 1 damage, and now have 17/60 hp.
You feel sick.
HP[-1]
You take 1 damage, and now have 16/60 hp.
You feel sick.
Sonja throws a curare-tipped dart.
The curare-tipped dart completely misses you.
HP[-1]
You take 1 damage, and now have 15/60 hp.
You are too injured to fight recklessly!
Fire: B) +5 fustibalus (flame) {sling}
Press: ? - help, Q - select action, (/) - cycle Shift-Dir - straight line, f - Sonja
Aim: Sonja, wielding a +2 short sword of venom and quivering curare-tipped darts (40% to hit)
You shoot a sling bullet. The sling bullet barely misses Sonja.
You feel sick.
Fire: B) +5 fustibalus (flame) {sling}
Press: ? - help, Q - select action, (/) - cycle Shift-Dir - straight line, f/p - Sonja
Aim: Sonja, wielding a +2 short sword of venom and quivering curare-tipped darts (40% to hit)
You shoot a sling bullet. The sling bullet hits Sonja.
The sling bullet burns Sonja.
You feel sick.
HP[-1]
You take 1 damage, and now have 14/60 hp.
Fire: B) +5 fustibalus (flame) {sling}
Press: ? - help, Q - select action, (/) - cycle Shift-Dir - straight line, f/p - Sonja
Aim: Sonja, wielding a +2 short sword of venom and quivering curare-tipped darts (lightly wounded, 40% to hit)
You shoot a sling bullet. The sling bullet closely misses Sonja.
You feel sick.
You are no longer poisoned.
HP[-1]
You take 1 damage, and now have 13/60 hp.
Sonja throws a curare-tipped dart.
The curare-tipped dart misses you.
Sonja bows elegantly.
HP[+1] Sonja twirls her cape.
Sonja casts a spell.
Sonja blinks!
Sonja mumbles some strange words.
Sonja blinks!
Sonja throws a curare-tipped dart.
The curare-tipped dart hits you.
You are lethally poisoned!
You have difficulty breathing.
* * * LOW HITPOINT WARNING * * *
You feel yourself slow down.
HP[-5]
You take 5 damage, and now have 9/60 hp.
You feel better.
Sonja gestures wildly while chanting.
Sonja blinks!
HP[+11]
You regained 11 hp, and now have 20/60 hp.
Sonja shouts, "Too slow!"
Sonja throws a curare-tipped dart.
The curare-tipped dart closely misses you.
Sonja throws a curare-tipped dart.
The curare-tipped dart misses you.
HP[+1] Sonja throws a curare-tipped dart.
The curare-tipped dart hits you.
You are poisoned.
You have difficulty breathing.
* * * LOW HITPOINT WARNING * * *
You feel as though you will be slow longer.
Sonja throws a curare-tipped dart.
The curare-tipped dart misses you.
HP[-5]
You take 5 damage, and now have 16/60 hp.
You feel sick.
Sonja throws a curare-tipped dart.
The curare-tipped dart misses you.
HP[-2]
You take 2 damage, and now have 14/60 hp.
You feel sick.
Sonja throws a curare-tipped dart.
The curare-tipped dart barely misses you.
HP[-1]
You take 1 damage, and now have 13/60 hp.
Fire: B) +5 fustibalus (flame) {sling}
Press: ? - help, Q - select action, (/) - cycle Shift-Dir - straight line, f/p - Sonja
Aim: Sonja, wielding a +2 short sword of venom and quivering curare-tipped darts (40% to hit)
You shoot a sling bullet. The sling bullet hits Sonja!
The sling bullet burns Sonja.
You feel sick.
Sonja gestures wildly while chanting.
Sonja blinks!
HP[-2]
You take 2 damage, and now have 11/60 hp.
Unknown command.
You feel sick.
There is an open door here.
HP[-1]
You take 1 damage, and now have 10/60 hp.
HP[+1] As you close the door, it creaks loudly!
You feel sick.
You are no longer poisoned.
HP[-2]
You take 2 damage, and now have 9/60 hp.
You start resting.
Sonja is nearby!
HP[+1] Sonja barely misses you.
Sonja hits you with a +2 short sword of venom!
You die...
Your body crumbles into a pile of gold.

Skill      XL: |  1  2  3  4  5  6  7  8  9 10 |
---------------+-------------------------------+-----
Slings         | 5 6 8 9 10 12 16 | 16.8
Fighting       | 2 4 6 7 8 |  8.0
Dodging        | 4 6 8 |  8.9
Stealth        | |  1.5

Action                   |  1- 3 |  4- 6 |  7- 9 | 10-12 || total
-------------------------+-------+-------+-------+-------++-------
 Fire: Hunting sling     |   123 |   121 |   434 |       ||   678
       Fustibalus        |       |       |    45 |   199 ||   244
Invok: Curse Item        |       |     2 |       |       ||     2
       Renounce Religion |       |       |       |     1 ||     1
  Use: Potion            |       |     1 |     1 |     1 ||     3
       Scroll            |       |       |     3 |     1 ||     4
Armor: Robe              |     9 |     3 |     4 |     1 ||    17
Dodge: Dodged            |    39 |    22 |    57 |    54 ||   172

Levels and vault maps discovered:
D:1:      tarquinn_simple_flora_water_d, layout_basic,
          hellmonk_ecumenical_altar_lost_god
D:2:      layout_basic, serial_shops,
          nicolae_shop_temple_entry_statues_fountains
D:3:      layout_rooms, kennysheep_generic_room_13
D:4:      layout_loops_ring, grunt_temple_overflow_open,
          worldfamousw_hep_ancestral_shrine
D:5:      layout_cave_pools, lemuel_temple_firewalk_b, serial_gnoll_camp,
          gnoll_camp_huts_basic, grums_kennel, gnoll_camp_mini_house,
          gnoll_camp_mini_shop, gnoll_camp_mini_hut, uniq_menkaure, uniq_ijyb
D:6:      layout_gridville, nzn_wu_jian_council_hall,
          nicolae_vehumet_altar_sigil, mainiacjoe_overflow_surrounded_room,
          minmay_hedge_maze, uniq_grinder, uniq_crazy_yiuf_cottage
D:7:      layout_gridville, tso_altar, serial_shops, kennysheep_mini_moat
D:8:      layout_loops_ring, lemuel_coloured_pillars_altar, gammafunk_ghost_hive
D:9:      layout_loops_ring
D:10:     layout_loops_corners, erik_lair_orcish_takeover
Temple:   jpeg_temple_island
Lair:1:   minmay_lair_oklob_chamber, layout_regular_city
Lair:2:   layout_regular_city, minmay_shoals_entry_hut, uniq_sonja

Notes
Turn   | Place    | Note
-------+----------+-------------------------------------------
     0 | D:1      | zeratav the Spriggan Hunter began the quest for the Orb.
     0 | D:1      | Reached XP level 1. HP: 10/10 MP: 2/2
     0 | D:1      | magus.rc [v1.9.6]
    46 | D:1      | Reached skill level 5 in Slings
   159 | D:1      | Reached XP level 2. HP: 14/14 MP: 3/3
   209 | D:1      | Found a faded altar of an unknown god.
   326 | D:1      | Prayed at the altar of an unknown god.
   326 | D:1      | Became a worshipper of Ashenzari the Shackled
   536 | D:2      | Found Joxaot's Weapon Shop.
   577 | D:1      | Reached skill level 6 in Slings
   577 | D:1      | Reached XP level 3. HP: 13/18 MP: 4/4
  1055 | D:3      | Reached XP level 4. HP: 22/22 MP: 5/5
  1121 | D:3      | Identified the +5 falchion of the Endless Expanse {freeze,
                  | rElec Int-4 SInv}
  1230 | D:3      | Reached skill level 7 in Slings
  1857 | D:4      | Noticed a water moccasin
  1918 | D:4      | Noticed a water moccasin
  2233 | D:4      | Killed a water moccasin
  2234 | D:4      | Reached skill level 8 in Slings
  2234 | D:4      | Reached XP level 5. HP: 21/25 MP: 6/6
  2238 | D:4      | Identified the +8 short sword "Kuakk" {venom, +Blink Will+
                  | Int+3}
  2409 | D:4      | Found a snail-covered altar of Cheibriados.
  2411 | D:4      | Found an iron altar of Okawaru.
  2544 | D:4      | Found a broken altar of Ashenzari.
  2545 | D:4      | Found a white marble altar of Elyvilon.
  2545 | D:4      | Found a hide-covered altar of Uskayaw.
  2545 | D:4      | Found an ancient bone altar of Kikubaaqudgha.
  2546 | D:4      | Found a sacrificial altar of Ru.
  2592 | D:4      | Reached skill level 9 in Slings
  2592 | D:4      | Reached XP level 6. HP: 30/30 MP: 7/7
  2666 | D:4      | Reached * piety under Ashenzari
  2767 | D:4      | Found a hazy altar of Hepliaklqana.
  2982 | D:5      | Entered Level 5 of the Dungeon
  2987 | D:5      | Noticed Menkaure
  2994 | D:5      | Killed Menkaure
  2995 | D:5      | Reached skill level 2 in Fighting
  2995 | D:5      | Reached skill level 3 in Dodging
  3004 | D:5      | Reached skill level 4 in Dodging
  3052 | D:5      | You pick up a book of Spatial Translocations and begin
                  | reading...
  3052 | D:5      | You add the spells Blink, Lesser Beckoning and Manifold
                  | Assault to your library.
  3129 | D:4      | Reached XP level 7. HP: 30/35 MP: 8/8
  3279 | D:4      | Reached skill level 3 in Fighting
  3279 | D:4      | Reached skill level 5 in Dodging
  3483 | D:5      | Reached skill level 6 in Dodging
  3485 | D:5      | You pick up a book of Misfortune and begin reading...
  3485 | D:5      | You add the spells Confusing Touch, Yara's Violent
                  | Unravelling and Enfeeble to your library.
  3542 | D:5      | Noticed Ijyb
  3562 | D:4      | HP: 4/37 [poisoned by a gnoll sergeant]
  3854 | D:4      | Killed Ijyb
  3855 | D:4      | Reached skill level 4 in Fighting
  4162 | D:5      | Reached XP level 8. HP: 42/42 MP: 9/9
  4344 | D:5      | Found a staircase to the Ecumenical Temple.
  4459 | D:5      | Noticed Grum
  4471 | D:5      | Reached skill level 7 in Dodging
  4523 | D:5      | Found Junneyfi's Antique Weapon Shoppe.
  4946 | D:5      | Reached skill level 5 in Fighting
  4972 | D:5      | You pick up a book of Lightning and begin reading...
  4972 | D:5      | You add the spells Static Discharge, Lightning Bolt and
                  | Maxwell's Capacitive Coupling to your library.
  5181 | D:5      | Reached skill level 8 in Dodging
  5757 | D:6      | Found a runed translucent door.
  5758 | D:6      | Noticed Crazy Yiuf
  5789 | D:6      | Killed Crazy Yiuf
  5795 | D:6      | Found an ornate altar of the Wu Jian Council.
  5829 | D:6      | Noticed a komodo dragon
  5915 | D:6      | Killed a komodo dragon
  5916 | D:6      | Reached skill level 6 in Fighting
  5916 | D:6      | Reached skill level 10 in Slings
  5916 | D:6      | Reached XP level 9. HP: 48/48 MP: 10/10
  5945 | D:6      | Found a sparkling altar of Nemelex Xobeh.
  6183 | D:6      | Found a radiant altar of Vehumet.
  6226 | D:6      | Noticed Grinder
  6427 | D:6      | Paralysed by Grinder for 5 turns
  6438 | D:6      | Paralysed by Grinder for 2 turns
  6443 | D:6      | Killed Grinder
  6977 | D:7      | Reached skill level 11 in Slings
  7227 | D:7      | Found Wadaff's Book Boutique.
  7307 | D:7      | Reached skill level 7 in Fighting
  8003 | D:2      | Bought a +2 fustibalus of flaming for 429 gold pieces
  8390 | D:7      | Found a glowing golden altar of the Shining One.
  8465 | D:8      | You pick up a book of Sloth and begin reading...
  8465 | D:8      | You add the spells Petrify, Metabolic Englaciation and
                  | Statue Form to your library.
  8562 | D:8      | Found a shimmering altar of Xom.
  8637 | D:8      | Identified the +7 dagger "Muweko" {drain, rPois rC+ Int+2
                  | Dex-3}
  8741 | D:8      | Found a transporter.
  8744 | D:8      | Found a transporter.
  8745 | D:8      | Noticed Antichthon's ghost (novice NaWr)
  8749 | D:8      | Noticed a queen bee
  8799 | D:8      | Reached skill level 12 in Slings
  8878 | D:8      | Reached XP level 10. HP: 53/56 MP: 11/11
  8891 | D:8      | Reached skill level 8 in Fighting
  9171 | D:8      | Reached skill level 13 in Slings
  9517 | D:9      | Noticed a two-headed ogre
  9524 | D:9      | Killed a two-headed ogre
  9674 | D:9      | Identified the +4 pair of gloves of Transparent Awe {rPois
                  | rC+++ Will- Int+4}
  9780 | D:9      | Reached skill level 14 in Slings
 10085 | D:10     | Entered Level 10 of the Dungeon
 10110 | D:10     | Reached skill level 15 in Slings
 10443 | D:10     | Found a staircase to the Lair.
 10542 | Lair:1   | Entered Level 1 of the Lair of Beasts
 10704 | Lair:1   | Noticed a cane toad
 10735 | Lair:1   | Killed a cane toad
 10736 | Lair:1   | Reached skill level 16 in Slings
 10736 | Lair:1   | Reached XP level 11. HP: 60/60 MP: 12/12
 10855 | Lair:1   | Noticed an oklob plant
 10855 | Lair:1   | Noticed an oklob plant
 10868 | Lair:1   | Identified the +6 war axe of Wyrd {flame, Dex+4}
 11043 | Lair:1   | You add the spells Olgreb's Toxic Radiance, Ozocubu's
                  | Refrigeration and Ignition to your library.
 11181 | Lair:1   | You pick up a book of Air and begin reading...
 11181 | Lair:1   | You add the spells Shock, Swiftness and Airstrike to your
                  | library.
 11679 | Lair:2   | Fell from the grace of Ashenzari
 11939 | Temple   | Entered the Ecumenical Temple
 12157 | Temple   | Became a worshipper of Gozag Ym Sagoz the Greedy
 13025 | Lair:2   | Noticed Sonja
 13242 | Lair:1   | HP: 15/60 [poisoned by Sonja]
 13256 | Lair:1   | HP: 9/60 [asphyx]
 13269 | Lair:1   | HP: 14/60 [poisoned by Sonja (curare-tipped dart)]
 13274 | Lair:1   | HP: 9/60 [poisoned by Sonja (curare-tipped dart)]
 13279 | Lair:1   | Slain by Sonja

Vanquished Creatures
  A two-headed ogre (D:9)
  3 cane toads (Lair:1)
  4 komodo dragons
  A troll (D:10)
  2 polar bears (Lair:2)
  Grinder (D:6)
  2 wraiths
  11 yaks
  A vampire (D:5)
  2 basilisks
  A steam dragon (D:8)
  Menkaure (D:5)
  An acid dragon (D:10)
  3 wargs (D:10)
  5 water moccasins
  2 orc warriors
  A black bear (D:4)
  2 ice beasts
  3 ogres (D:6)
  A sky beast (D:8)
  3 centaurs
  A phantom (D:6)
  3 bullfrogs
  A kobold brigand (D:8)
  4 scorpions
  5 gnoll sergeants
  6 killer bees (D:9)
  An electric eel (Lair:2)
  2 jellies
  10 hounds
  Crazy Yiuf (D:6)
  4 orc priests
  2 gnoll shamans
  10 orc wizards
  Ijyb (D:4)
  21 gnolls
  7 adders
  An ufetubus (D:5)
  3 worms
  A dart slug (D:3)
  18 orcs
  6 endoplasms
  2 giant cockroaches (D:1)
  3 goblins
  7 hobgoblins
  5 jackals
  A quokka (D:4)
  5 ball pythons
  4 bats
  3 frilled lizards
  14 kobolds
  8 rats
211 creatures vanquished.

Vanquished Creatures (others)
  3 plants (Lair:1)
3 creatures vanquished.

Grand Total: 214 creatures vanquished

Table legend:
 A = Non-vault XP
 B = Vault XP
 C = Vault XP percentage of total XP
 D = Non-vault monster count
 E = Vault monster count
 F = Vault count percentage of total count
                 A         B        C        D         E       F
            +---------+---------+-------+---------+---------+-------
      Total |   11882 |    2559 |  17.7 |     170 |      41 |  19.4
            +---------+---------+-------+---------+---------+-------
        D:1 |      48 |       0 |   0.0 |      23 |       0 |   0.0
        D:2 |      35 |       0 |   0.0 |      15 |       0 |   0.0
        D:3 |      64 |       4 |   5.9 |      13 |       1 |   7.1
        D:4 |     454 |     208 |  31.4 |      15 |       3 |  16.7
        D:5 |     465 |     891 |  65.7 |      12 |      25 |  67.6
        D:6 |    1210 |     303 |  20.0 |      10 |       2 |  16.7
        D:7 |     498 |       0 |   0.0 |      12 |       0 |   0.0
        D:8 |    2287 |       0 |   0.0 |      26 |       0 |   0.0
        D:9 |    2542 |       0 |   0.0 |      14 |       0 |   0.0
       D:10 |    1188 |     585 |  33.0 |      17 |       8 |  32.0
     Lair:1 |    2083 |     568 |  21.4 |       7 |       2 |  22.2
     Lair:2 |    1008 |       0 |   0.0 |       6 |       0 |   0.0
            +---------+---------+-------+---------+---------+-------

Illustrated notes

Table legend:
 A = Kills in this place as a percentage of kills in entire the game.
 B = Kills by you in this place as a percentage of kills by you in the entire game.
 C = Kills by friends in this place as a percentage of kills by friends in the entire game.
 D = Other kills in this place as a percentage of other kills in the entire game.
 E = Experience gained in this place as a percentage of experience gained in the entire game.
 F = Experience gained in this place divided by the number of levels of this place that you have seen.
                   A       B       C       D       E      F
               +-------+-------+-------+-------+-------+----------------------
         Total | 100.0 | 100.0 |   N/A |   N/A | 100.0 | 1110.8
       Dungeon |  92.9 |  92.9 |   N/A |   N/A |  74.7 | 1078.2
          Lair |   7.1 |   7.1 |   N/A |   N/A |  25.3 | 1829.5
               +-------+-------+-------+-------+-------+----------------------

Table legend: (Time is in decaauts)
 A = Elapsed time spent in this place.
 B = Non-inter-level travel time spent in this place.
 C = Inter-level travel time spent in this place.
 D = Time resting spent in this place.
 E = Time spent auto-exploring this place.
 F = Levels seen in this place.
 G = Mean time per level.
                   A        B        C        D        E       F      G
               +--------+--------+--------+--------+--------+-----+--------+
         Total |   9371 |   8553 |    818 |   1762 |   3196 |  13 |  720.8 |
       Dungeon |   8117 |   7390 |    727 |   1499 |   2811 |  10 |  811.7 |
        Temple |    191 |    160 |     31 |      0 |    156 |   1 |  191.0 |
          Lair |   1062 |   1002 |     60 |    262 |    229 |   2 |  531.0 |
               +--------+--------+--------+--------+--------+-----+--------+

Top non-repeatable levels by time:
     D:4: 1503 daAuts
     D:5: 1331 daAuts
     D:6: 1166 daAuts
     D:7: 844 daAuts
  Lair:1: 842 daAuts
    D:10: 736 daAuts
     D:3: 666 daAuts
     D:8: 581 daAuts
     D:9: 555 daAuts
     D:1: 398 daAuts
     D:2: 333 daAuts
  Lair:2: 220 daAuts
  Temple: 191 daAuts
